 Dungeon Crawl Stone Soup version 0.31-a0-851-g7ff8af7976 (webtiles) character file.

Game seed: 15681436856513377119

201 Kurtz the Chopper (level 5, -17/41 HPs)
             Began as a Mummy Delver on Oct 6, 2023.
             Demolished by Menkaure (18 damage)
             ... on level 5 of the Dungeon.
             The game lasted 00:03:40 (3123 turns).

Kurtz the Chopper (Mummy Delver)                    Turns: 3123, Time: 00:03:41

Health: -17/41     AC:  6    Str: 16    XL:     5   Next: 50%
Magic:  5/5        EV: 11    Int:  9    God:
Gold:   59         SH:  0    Dex: 15    Spells: 4/4 levels left

rFire   x . .        a - +0 hand axe
rCold   + . .        (no shield)
rNeg    + + +        p - +0 ring mail
rPois   ∞            o - +0 helmet
rElec   .            (no cloak)
rCorr   .            (no gloves)
SInv    .            (no boots)
Will    .....        (no amulet)
Stlth   ++           (no ring)
HPRegen 0.26/turn    (no ring)
MPRegen 0.09/turn

%: faith
@: no status effects
A: cold resistance 1, negative energy resistance 3, torment resistance 2, heat
vulnerability 1, in touch with death 1, no potions, faith
a: no special abilities


You were on level 5 of the Dungeon.
You visited 1 branch of the dungeon, and saw 5 of its levels.

You collected 59 gold pieces.

Inventory:

Hand Weapons
 a - a +0 hand axe (weapon)
Missiles
 g - 3 boomerangs
Armour
 o - a +0 helmet (worn)
 p - a +0 ring mail (worn)
Wands
 f - a wand of digging (3)
Scrolls
 c - a scroll of fog
 d - a scroll of revelation
 e - a scroll of fear
 h - 3 scrolls of immolation {unknown}
 i - a scroll of amnesia {unknown}
 j - a scroll of silence {unknown}
 k - a scroll of blinking {unknown}
 l - a scroll of enchant armour {unknown}
 m - a scroll of vulnerability {unknown}
 n - a scroll of summoning {unknown}


   Skills:
 - Level 3.0 Fighting
 * Level 4.8 Axes
 - Level 1.5 Dodging
 - Level 4.1 Stealth


You had 4 spell levels left.
You didn't know any spells.
Your spell library contained the following spells:

 Spells                   Type           Power      Damage    Failure   Level
 Magic Dart               Conj           0%         1d3       61%         1
 Call Imp                 Summ           0%         N/A       75%         2
 Mephitic Cloud           Conj/Pois/Air  0%         N/A       93%         3


Dungeon Overview and Level Annotations

Branches:
Dungeon (5/15)
 Temple: D:4-7

Altars:
Sif Muna

Shops:
D:1 !   D:2 (

Annotations:
D:4 exclusion: phantom
D:5 Menkaure


Innate Abilities, Weirdness & Mutations

You are immune to poison.
Your flesh is cold resistant. (rC+)
You are immune to negative energy. (rN+++)
You are immune to unholy pain and torment.
You are vulnerable to heat. (rF-)
You are in touch with the powers of death.
You do not drink.
You have a special connection with the divine. (Faith)


Message History

You hit the adder but do no damage.
The adder is severely wounded.
You hit Menkaure but do no damage. The adder bites you but does no damage.
Menkaure barely misses you.
Unknown command.
You closely miss the adder.
The adder is severely wounded.
You barely miss Menkaure. The adder bites you.
Menkaure shouts, "You disturbed my rest!
Die!"
Menkaure hits you!! The adder misses you.
You are too injured to fight recklessly!
Unknown command.
You are too injured to fight recklessly!
You are too injured to fight recklessly!
You are too injured to fight recklessly!
You hit Menkaure but do no damage.
Menkaure is moderately damaged.
You hit the adder. The adder bites you but does no damage.
Menkaure casts a spell.
Menkaure seems to speed up.
You hit Menkaure.
Menkaure is heavily damaged.
You hit the adder but do no damage. The adder completely misses you.
Menkaure completely misses you.
Unknown command.
You hit Menkaure but do no damage.
Menkaure is heavily damaged.
You hit the adder.
You kill the adder!
Menkaure hits you!
* * * LOW HITPOINT WARNING * * *
You hit Menkaure.
Menkaure is severely damaged.
Menkaure completely misses you. Menkaure hits you!
* * * LOW HITPOINT WARNING * * *
Unknown command.
You slash Menkaure!
Menkaure is almost destroyed.
Menkaure hits you!!
You die...

....# ....#
.# # ....
.. #. ...
.. .##..
... #.# #@#
#..M†......
###.##.....
#.# .###
#.. # ###


You could see Menkaure (fast).

Vanquished Creatures
  A hound (D:5)
  2 gnolls
  7 adders
  2 dart slugs
  An orc (D:4)
  9 ball pythons
  8 endoplasms
  A giant cockroach (D:1)
  7 goblins
  11 hobgoblins
  6 quokkas
  7 bats
  A frilled lizard (D:1)
  7 kobolds
  6 rats
76 creatures vanquished.

Notes
Turn   | Place    | Note
-------+----------+-------------------------------------------
     0 | D:5      | Kurtz the Mummy Delver began the quest for the Orb.
     0 | D:5      | Reached XP level 1. HP: 18/18 MP: 1/1
     6 | D:5      | Identified the +6 sling "Tezenit" {drain, rF++ Str-3 SInv}
    22 | D:5      | Noticed a hound
    37 | D:5      | Killed a hound
    38 | D:5      | Reached XP level 2. HP: 17/24 MP: 2/2
    38 | D:5      | Reached XP level 3. HP: 21/29 MP: 3/3
   468 | D:4      | Noticed a phantom
   945 | D:2      | Found Soeso's Antique Weapon Shop.
  1058 | D:2      | Reached XP level 4. HP: 31/35 MP: 4/4
  1141 | D:2      | Found a faded altar of an unknown god.
  1821 | D:2      | Reached XP level 5. HP: 41/41 MP: 5/5
  2081 | D:1      | Found Baisex's Distillery.
  3084 | D:5      | Noticed a black bear
  3084 | D:5      | Found a shimmering blue altar of Sif Muna.
  3111 | D:5      | Noticed Menkaure
  3122 | D:5      | HP: 1/41 [Menkaure (9)]
  3123 | D:5      | Demolished by Menkaure

Illustrated notes

Levels and vault maps discovered:
D:1:      scummos_arrival_simple_fountains, layout_basic, serial_shops, shop
D:2:      layout_basic, serial_shops, nicolae_shop_advertising_works
          [nicolae_subvault_shop_adworks], ebering_ecumenical_altar_sacrificial,
          minmay_snake_closets
D:3:      layout_basic, serial_bayou, serial_bayou_shore_b,
          serial_bayou_crossing, serial_bayou_ford_a, serial_bayou_pond_a,
          serial_bayou_pond_e, serial_bayou_pond_d, uniq_robin
D:4:      layout_gridville, mainiacjoe_overflow_alcove_4
D:5:      layout_loops_ring, mainiacjoe_overflow_paths,
          mainiacjoe_overflow_tiny_flanked, serial_park_tiny_2,
          nicolae_shop_gadgets, uniq_menkaure

Skill      XL: |  1  2  3  4 |
---------------+-------------+-----
Axes           | 2 3 4 |  4.8
Fighting       | |  3.0
Dodging        | |  1.5
Stealth        | |  4.1

Action                     |  1- 3 |  4- 6 || total
---------------------------+-------+-------++-------
  Melee: Hand axe          |    65 |   175 ||   240
         Punch             |     1 |     1 ||     2
   Stab: Sleeping          |     5 |    10 ||    15
 Armour: Leather armour    |    29 |    93 ||   122
         Ring mail         |       |    26 ||    26
  Dodge: Dodged            |    45 |   120 ||   165

Table legend: (Time is in decaauts)
 A = Elapsed time spent in this place.
 B = Non-inter-level travel time spent in this place.
 C = Inter-level travel time spent in this place.
 D = Time resting spent in this place.
 E = Time spent auto-exploring this place.
 F = Levels seen in this place.
 G = Mean time per level.
                   A        B        C        D        E       F      G
               +--------+--------+--------+--------+--------+-----+--------+
         Total |   3152 |   2835 |    317 |    446 |   1630 |   5 |  630.4 |
       Dungeon |   3152 |   2835 |    317 |    446 |   1630 |   5 |  630.4 |
               +--------+--------+--------+--------+--------+-----+--------+

Top non-repeatable levels by time:
     D:2: 1252 daAuts
     D:1: 786 daAuts
     D:4: 497 daAuts
     D:5: 427 daAuts
     D:3: 187 daAuts
